 Dungeon Crawl Stone Soup version 0.29-a0-330-g52719c12eb (webtiles) character file.

Game seed: 18069443895654859688

49 kae the Firebug (level 3, -2/23 HPs)
             Began as an Octopode Fire Elementalist on Apr 18, 2022.
             Slain by a worm (9 damage)
             ... on level 2 of the Dungeon.
             The game lasted 00:00:45 (2019 turns).

kae the Firebug (Octopode Fire Elementalist)        Turns: 2019, Time: 00:00:46

Health: -2/23      AC:  1    Str:  7    XL:     3   Next: 75%
Magic:  0/6        EV: 13    Int: 19    God:
Gold:   105        SH:  0    Dex: 12    Spells: 5/6 levels left

rFire   . . .      SeeInvis .   c - +1 spear
rCold   . . .      Faith    .   (no shield)
rNeg    . . .      Spirit   .   (helmet restricted)
rPois   .          Reflect  .   (no amulet)
rElec   .          Harm     .   (no ring)
rCorr   .          Rampage  .   (no ring)
Will    .....                   (no ring)
Stlth   +++.......              (no ring)
HPRegen 0.07/turn               (no ring)
MPRegen 0.10/turn               (no ring)
                                (no ring)
                                (no ring)

@: no status effects
A: almost no armour, amphibious, 8 rings, camouflage 1, gelatinous body 1,
(nimble swimmer 1), tentacles
a: no special abilities


You were on level 2 of the Dungeon.
You visited 1 branch of the dungeon, and saw 2 of its levels.

You collected 105 gold pieces.

Inventory:

Hand Weapons
 c - a +1 spear (weapon)
Jewellery
 e - a ring of ice
Scrolls
 b - 2 scrolls of identify
 f - a scroll of enchant weapon
 i - a scroll of teleportation {unknown}
Potions
 a - a potion of magic
 d - a potion of attraction
 g - a potion of resistance {unknown}
 h - a potion of heal wounds {unknown}


   Skills:
 + Level 1.0 Fighting
 + Level 2.4 Dodging
 + Level 3.1 Stealth
 + Level 2.2 Spellcasting
 + Level 1.3 Conjurations
 * Level 3.5 Fire Magic


You had 5 spell levels left.
You knew the following spells:

 Your Spells              Type           Power      Damage    Failure   Level
a - Foxfire               Conj/Fire      44%        2x1d6     6%          1

Your spell library contained the following spells:

 Spells                   Type           Power      Damage    Failure   Level
 Scorch                   Fire           30%        2d7       6%          2
 Conjure Flame            Conj/Fire      11%        6-21      19%         3
 Inner Flame              Hex/Fire       8%         N/A       24%         3
 Summon Guardian Golem    Hex/Summ       2%         N/A       45%         3
 Flame Wave               Conj/Fire      11%        2d5       52%         4
 Orb of Destruction       Conj           3%         9d5       100%        7
 Spellforged Servitor     Conj/Summ      2%         N/A       100%        7


Dungeon Overview and Level Annotations

Branches:
Dungeon (2/15)

Altars:
Zin


Innate Abilities, Weirdness & Mutations

You cannot wear most types of armour.
You are amphibious.
You can wear up to eight rings at the same time.
Your skin changes colour to match your surroundings (Stealth+).
Your rubbery body absorbs attacks. (AC +1, EV +1)
((You are camouflaged when in or above water. (Stealth+)))
You have tentacles for arms and can constrict up to eight enemies at once.


Message History

Casting: Foxfire (safe; 6% risk of failure)
Confirm with . or Enter, or press ? or * to list all spells.
You conjure some foxfire!
Your foxfire dissipates!
A worm is nearby!
Casting: Foxfire (safe; 6% risk of failure)
Confirm with . or Enter, or press ? or * to list all spells.
You conjure some foxfire!
The worm barely misses you.
The foxfire hits the worm.
The worm is heavily wounded.
Your foxfire dissipates!
A worm is nearby!
Casting: Foxfire (safe; 6% risk of failure)
Confirm with . or Enter, or press ? or * to list all spells.
You conjure some foxfire!
The worm closely misses you.
The foxfire hits the worm.
The worm is severely wounded.
Casting: Foxfire (safe; 6% risk of failure)
Confirm with . or Enter, or press ? or * to list all spells.
You conjure some foxfire!
The worm barely misses you.
The foxfire hits the worm.
The worm is almost dead.
The worm bites you!
Casting: Foxfire (safe; 6% risk of failure)
Confirm with . or Enter, or press ? or * to list all spells.
You conjure some foxfire!
The worm bites you!
You are too injured to fight recklessly!
You are too injured to fight recklessly!
You are too injured to fight recklessly!
You are too injured to fight recklessly!
You barely miss the worm. You grab the worm.
The worm is almost dead.
You constrict the worm.
Your foxfire dissipates!
You release your grip on the worm.
You barely miss the worm. You grab the worm.
The worm is almost dead.
You constrict the worm. The worm bites you!
You die...

*****,**#.*####..###.#,,,,
*,,,*,* #.#####......#,,,,
*,*,*,##*...#...######,,,,
*,*,,,..###.#.### *,,,,
*,***,#.#.....# *****
*,,,,,#.#.....#
******#.#.#..###
#.#.#....#
#.w@##.#.#********
###.##.#.#,,,,,,,*
#....#.#,*****,*
######.#,* *,* *.#,*****,*
*.#,,,,,*,***
*.#****,*,,,,
*,,,,**,***** ****,,,,*


You could see a worm.

Vanquished Creatures
  An adder (D:2)
  2 dart slugs
  4 bats (D:1)
  3 endoplasms
  2 giant cockroaches
  2 hobgoblins (D:1)
  3 kobolds (D:1)
  2 quokkas
  9 ball pythons
  3 frilled lizards
  A goblin (D:2)
  4 rats
36 creatures vanquished.

Vanquished Creatures (others)
  126 foxfires
126 creatures vanquished.

Grand Total: 162 creatures vanquished

Notes
Turn   | Place    | Note
-------+----------+-------------------------------------------
     0 | D:1      | kae the Octopode Fire Elementalist began the quest for the
                  | Orb.
     0 | D:1      | Reached XP level 1. HP: 11/11 MP: 3/3
   405 | D:1      | Reached XP level 2. HP: 12/17 MP: 0/5
   706 | D:1      | Found a glowing silver altar of Zin.
   759 | D:1      | Found a faded altar of an unknown god.
  1130 | D:1      | Reached XP level 3. HP: 15/22 MP: 3/6
  1968 | D:2      | Reached skill level 1 in Fighting
  2019 | D:2      | Slain by a worm

Illustrated notes

Levels and vault maps discovered:
D:1:      giann_bridges, layout_basic, ebering_ecumenical_altar_mist,
          kennysheep_flooded_box, minmay_misc_feat_five, st_stairs_8,
          hex_intersection
D:2:      layout_basic

Skill      XL: |  1  2  3 |
---------------+----------+-----
Stealth        | 3 |  3.1
Fighting       | 1 |  1.0
Dodging        | |  2.4
Spellcasting   | |  2.2
Conjurations   | |  1.3
Fire Magic     | |  3.5

Action                   || total
-------------------------++-------
Melee: Unarmed           ||    10
       Constrict         ||     8
       Tentacles         ||     4
       Spear             ||    18
 Cast: Foxfire           ||    75
  Use: Scroll            ||     4
Armor: Skin              ||     1
Dodge: Dodged            ||    15

Table legend: (Time is in decaauts)
 A = Elapsed time spent in this place.
 B = Non-inter-level travel time spent in this place.
 C = Inter-level travel time spent in this place.
 D = Time resting spent in this place.
 E = Time spent auto-exploring this place.
 F = Levels seen in this place.
 G = Mean time per level.
                   A        B        C        D        E       F      G
               +--------+--------+--------+--------+--------+-----+--------+
         Total |   2018 |   1979 |     39 |      0 |   1692 |   2 | 1009.0 |
       Dungeon |   2018 |   1979 |     39 |      0 |   1692 |   2 | 1009.0 |
               +--------+--------+--------+--------+--------+-----+--------+

Top non-repeatable levels by time:
     D:1: 1499 daAuts
     D:2: 519 daAuts
